AoeStats
← AxingQuestions

African Clearing

505355533Analyzed
4v4 RM · 22d ago on Sep 9, 2026· 51m 46s· 8 players
Game mode
Random Map
Map size
Large (8 player)
Population
200
Speed
Normal
Resources
Standard
Victory
Conquest
Starting age
Dark Age
Ending age
Imperial Age
RankedLock teamsTeams togetherTeam positionsShared explorationLock speedFull tech treeHidden civsTurbo modeCheats
Victory
Defeat
🇫🇷 Khitans · France
1303
+12
🇫🇷 Jurchens · France
1247
+15
🇫🇷 Huns · France
1186
+17
🇫🇷 Maya · France
1000
+91
🇧🇷 Huns · Brazil
1263
-19
🇺🇸 Vikings · United States
1240
-18
🇦🇷 Bengalis · Argentina
1203
-17
🇧🇷 Franks · Brazil
1147
-15
AxingQuestions
13:09 Feudal Age
14:46 Loom
17:41 Castle Age
16:05 Town Watch
16:17 Double-Bit Axe
16:13 Horse Collar
19:20 Bow Saw
20:04 Heavy Plow
23:18 Pikeman
26:10 Scale Mail Armor
30:35 Squires
30:52 Town Patrol
30:48 Gold Mining
30:51 Stone Mining
31:11 Arson
32:59 Chain Mail Armor
32:56 Forging
36:01 Imperial Age
33:39 Treadmill Crane
35:26 Iron Casting
34:45 Man-at-Arms
35:24 Murder Holes
35:44 Long Swordsman
36:51 Fletching
37:46 Gold Shaft Mining
37:32 Masonry
36:45 Two-Handed Swordsman
37:58 Plate Mail Armor
38:29 Blast Furnace
38:20 Crop Rotation
39:04 Two-Man Saw
38:45 Conscription
39:27 Elite Berserk
41:22 Bodkin Arrow
41:31 Champion
41:58 Gambesons
47:20 Chieftains
48:40 Hoardings
K
4:19 Loom
12:36 Feudal Age
16:49 Forging
21:54 Double-Bit Axe
22:00 Fletching
25:03 Wheelbarrow
28:26 Castle Age
27:52 Bloodlines
28:38 Padded Archer Armor
28:55 Scale Mail Armor
31:12 Scale Barding Armor
33:13 Husbandry
34:51 Pikeman
38:45 Bodkin Arrow
40:18 Bow Saw
41:00 Iron Casting
Knight_Cassian
3:54 Loom
13:37 Feudal Age
14:32 Double-Bit Axe
26:20 Castle Age
24:36 Scale Mail Armor
24:52 Stone Mining
24:56 Gold Mining
26:31 Pikeman
27:40 Forging
32:54 Iron Casting
34:41 Chain Mail Armor
38:07 Wheelbarrow
38:31 #83
40:39 Bow Saw
40:06 Elite Skirmisher
41:55 Hand Cart
45:52 Imperial Age
44:43 Squires
45:54 Halberdier
47:40 Blast Furnace
46:41 Elite Throwing Axeman
48:36 Plate Mail Armor
[ESTG] Mauzinga
12:00 Loom
14:22 Feudal Age
18:34 Castle Age
17:05 Double-Bit Axe
20:05 Bow Saw
20:16 Fletching
22:25 Bodkin Arrow
25:39 Padded Archer Armor
28:44 Wheelbarrow
28:35 Horse Collar
30:45 Ballistics
32:49 Bloodlines
32:59 Husbandry
33:18 Paiks
42:28 Imperial Age
40:15 Hand Cart
41:43 Heavy Plow
42:00 Leather Archer Armor
43:23 Bracer
42:57 Elite Ratha (Ranged)
44:26 Conscription
45:54 Chemistry
46:16 Crop Rotation
48:15 Ring Archer Armor
Hot Mergez
5:26 Loom
13:17 Feudal Age
13:51 Stone Mining
13:50 Double-Bit Axe
17:03 Castle Age
20:00 Bow Saw
20:32 Fletching
25:28 Padded Archer Armor
27:17 Bodkin Arrow
28:06 Horse Collar
29:38 Leather Archer Armor
32:32 Wheelbarrow
36:30 Thumb Ring
41:00 Imperial Age
39:11 Stone Mining
39:11 Gold Mining
39:47 Ballistics
40:29 Stone Shaft Mining
41:28 Murder Holes
41:47 Bracer
42:49 Chemistry
42:24 Ring Archer Armor
42:42 Conscription
43:07 Heavy Plow
43:42 Hand Cart
43:49 Elite Plumed Archer
45:47 Hoardings
46:21 Scale Mail Armor
46:31 Forging
45:48 Eagle Warrior
46:14 Arson
46:29 Squires
47:14 Holcans
46:42 Elite Eagle Warrior
48:13 Chain Mail Armor
48:33 Iron Casting
49:12 Treadmill Crane
49:42 Masonry
50:14 Plate Mail Armor
51:24 Two-Man Saw
52:35 Blast Furnace
kiff57
3:44 Loom
15:17 Feudal Age
16:13 Double-Bit Axe
20:30 Castle Age
19:29 Forging
19:24 Scale Barding Armor
20:32 Bloodlines
23:45 Husbandry
27:22 Iron Casting
31:04 Wheelbarrow
33:32 Fletching
36:49 Ballistics
38:03 Padded Archer Armor
40:07 Leather Archer Armor
43:32 Marauders
47:52 Imperial Age
46:08 Thumb Ring
51:55 Parthian Tactics
52:17 Bodkin Arrow
53:24 Blast Furnace
MERGUEZ1370
3:08 Loom
11:39 Feudal Age
13:24 Double-Bit Axe
15:47 Wheelbarrow
15:55 Forging
16:07 Domestication
22:20 Castle Age
21:13 Scale Barding Armor
23:36 Iron Casting
25:52 Husbandry
26:41 Chain Barding Armor
29:32 Bow Saw
29:26 Pastoralism
32:27 Stone Mining
32:38 Gold Mining
33:47 Hand Cart
36:54 Stone Shaft Mining
39:03 Imperial Age
40:20 Plate Barding Armor
39:08 Elite Steppe Lancer
39:28 Heavy Camel Rider
41:18 Fletching
42:33 Two-Man Saw
42:12 Transhumance
44:18 Conscription
45:07 Ordo Cavalry
ZyTeK 23
6:03 Loom
14:27 Feudal Age
18:09 Castle Age
16:19 Double-Bit Axe
27:57 Horse Collar
29:05 Forging
29:34 Scale Barding Armor
29:43 Bloodlines
29:51 Town Watch
32:50 Wheelbarrow
33:01 Fletching
34:03 Iron Casting
33:52 Chain Barding Armor
34:16 Gold Mining
37:45 Imperial Age
35:31 Bow Saw
39:59 Blast Furnace
41:33 Plate Barding Armor
41:34 Conscription
42:39 Husbandry
43:17 Padded Archer Armor
46:03 Leather Archer Armor
46:14 Ballistics
46:56 Chemistry
46:44 Careening
46:31 Murder Holes
46:43 Bodkin Arrow
47:20 Ring Archer Armor
47:55 Siege Engineers
51:44 Thunderclap Bombs
Connection lost

Rejoining the realm…

Still unreachable

The connection could not be restored.

Session expired

The server has moved on; the page needs a fresh start.